 Dungeon Crawl Stone Soup version 0.31-a0-331-geda263fcf1 (webtiles) character file.

Game seed: 8353481222067955091

93 Newt the Trooper (level 4, -7/39 HPs)
             Began as a Barachi Fighter on July 19, 2023.
             Mangled by a yak (12 damage)
             ... on level 4 of the Dungeon.
             The game lasted 00:03:41 (2810 turns).

Newt the Trooper (Barachi Fighter)                  Turns: 2810, Time: 00:03:42

Health: -7/39      AC:  8    Str: 20    XL:     4   Next: 61%
Magic:  4/4        EV:  9    Int:  8    God:
Gold:   152        SH:  4    Dex: 11    Spells: 3/3 levels left

rFire   . . .        a - +0 long sword
rCold   . . .        c - +0 buckler
rNeg    . . .        b - +0 scale mail
rPois   .            (no helmet)
rElec   .            d - +0 cloak
rCorr   .            (no gloves)
SInv    .            (no boots)
Will    .....        (no amulet) Stlth
                     (no ring)
HPRegen 0.26/turn    (no ring)
MPRegen 0.09/turn

%: no passive effects
@: slow
A: amphibious, slowness 1, strong legs 1, +LOS
a: Hop


You were on level 4 of the Dungeon.
You visited 1 branch of the dungeon, and saw 4 of its levels.

You collected 152 gold pieces.

Inventory:

Hand Weapons
 a - a +0 long sword (weapon)
Armour
 b - a +0 scale mail (worn)
 c - a +0 buckler (worn)
 d - a +0 cloak (worn)
Wands
 m - a wand of charming (11)
Scrolls
 e - a scroll of teleportation
 g - 2 scrolls of identify
 h - a scroll of poison
 l - 2 scrolls of silence
Potions
 j - a potion of invisibility {unknown}
 k - a potion of haste {unknown}


   Skills:
 - Level 5.0 Fighting
 + Level 4.5 Long Blades
 - Level 3.6 Armour
 - Level 3.2 Shields


You had 3 spell levels left.
You didn't know any spells.
Your spell library contained the following spells:

 Spells                   Type           Power      Damage    Failure   Level
 Gell's Gravitas          Tloc           0%         N/A       99%         3
 Teleport Other           Tloc           0%         N/A       99%         3
 Volatile Blastmotes      Fire/Tloc      0%         2d10      99%         3
 Fulminant Prism          Conj/Hex       0%         3d5       100%        4
 Iskenderun's Mystic Bla  Conj/Tloc      0%         2d3       100%        4
 Dispersal                Tloc           0%         N/A       100%        6


Dungeon Overview and Level Annotations

Branches:
Dungeon (4/15)
 Temple: D:4-7

Altars:
Qazlal

Shops:
D:1 :*[[   D:2 :*:*?


Innate Abilities, Weirdness & Mutations

You are amphibious.
You cover ground slowly.
You can hop short distances.
You have an extended range of vision and can be seen from far away.


Message History

* * * LOW HITPOINT WARNING * * *
You are confused.
You feel invigorated. The yak barely misses you.
Unknown command.
You bump into the rock wall.
The yak barely misses you.
You hit the yak.
The yak is heavily wounded.
The yak gores you but does no damage.
You bump into the rock wall.
The yak gores you but does no damage.
You bump into the rock wall.
You feel less invigorated.
You feel less confused. The yak gores you but does no damage.
You hit the yak but do no damage.
The yak is heavily wounded.
The yak barely misses you.
You slash the yak!
The yak is severely wounded.
The yak gores you!
* * * LOW HITPOINT WARNING * * *
You closely miss the yak.
The yak is severely wounded.
The yak gores you but does no damage.
You hit the yak but do no damage.
The yak is severely wounded.
You block the yak's attack.
You hit the yak.
The yak is almost dead.
The yak gores you!
* * * LOW HITPOINT WARNING * * *
The yak gores you but does no damage.
You barely miss the yak.
The yak is almost dead.
The yak barely misses you.
You hit the yak but do no damage.
The yak is almost dead.
You block the yak's attack.
You hit the yak but do no damage.
The yak is almost dead.
The yak gores you!
You die...

Y....... ..# Y....... #.#
# ......#.#### #.# .#
##.#...Y..#######.##.#
..............>.....#.#
#.....###..#........#.####
~~~~~ #..#.#............
#... #..#.#Y##....#####
... ...#.#@##.<..##### ..
~...#.#.###.......# .
.~.....#.#...#.###.#
..~..####.#.#.......#
...~... #.#.#.#.#####
#.#.#..... #.#.###.###
#.#.. .# #.### ##


You could see a yak.

Vanquished Creatures
  Crazy Yiuf (D:3)
  2 worms (D:3)
  2 dart slugs
  An orc (D:3)
  6 endoplasms
  3 giant cockroaches
  3 hobgoblins
  7 jackals
  A quokka (D:2)
  8 ball pythons
  7 bats
  2 frilled lizards
  6 kobolds
  4 rats
53 creatures vanquished.

Notes
Turn   | Place    | Note
-------+----------+-------------------------------------------
     0 | D:1      | Newt the Barachi Fighter began the quest for the Orb.
     0 | D:1      | Reached XP level 1. HP: 18/18 MP: 1/1
   162 | D:1      | Reached skill level 4 in Fighting
   234 | D:1      | Reached XP level 2. HP: 25/25 MP: 2/2
   244 | D:1      | Found Ahuniryrch's Book Shop.
   406 | D:1      | Found Togy's Assorted Antiques.
   474 | D:1      | Found Nyillo Quple's Antique Armour Shoppe.
   488 | D:1      | Found Laluuch's Antique Armour Boutique.
   515 | D:1      | Reached skill level 5 in Fighting
   515 | D:1      | Reached XP level 3. HP: 33/33 MP: 3/3
   976 | D:2      | Found Quleog's Book Shoppe.
  1142 | D:2      | Found Quriaqe's Book Boutique.
  1143 | D:2      | Noticed a walking earthen tome
  1144 | D:2      | Noticed a walking earthen tome
  1280 | D:2      | Found Bacuu's Magic Scroll Boutique.
  1461 | D:2      | Found Wepecol's Assorted Antiques.
  1567 | D:2      | Found Heipecac's Assorted Antiques.
  1819 | D:3      | Found a stormy altar of Qazlal.
  2013 | D:3      | Reached XP level 4. HP: 39/39 MP: 4/4
  2587 | D:3      | Found a runed translucent door.
  2588 | D:3      | Noticed Crazy Yiuf
  2601 | D:3      | Killed Crazy Yiuf
  2775 | D:4      | Noticed a yak
  2775 | D:4      | Noticed a yak
  2775 | D:4      | Noticed a yak
  2810 | D:4      | Mangled by a yak

Illustrated notes

Levels and vault maps discovered:
D:1:      denvon_arrival_planthouse, layout_loops_corners, serial_shops, shop,
          nicolae_shop_pleasant_corner_grove, nicolae_shop_behind_doors,
          nicolae_shop_tiny_waterfront
D:2:      layout_loops_cross, serial_shops, nicolae_shop_mannequins,
          nicolae_shop_real_fake_doors, shop, nicolae_shop_gibbet_a_chance,
          nicolae_shop_just_a_little_nook, kennysheep_generic_room_4
D:3:      layout_basic, pf_just_have_faith, uniq_crazy_yiuf_cottage
D:4:      layout_basic, mainiacjoe_overflow_surrounded_room,
          minmay_temple_entry_water_ring, uniq_duvessa

Skill      XL: |  1  2  3  4 |
---------------+-------------+-----
Fighting       | 4 5 |  5.0
Long Blades    | 3 4 |  4.5
Armour         | |  3.6
Shields        | |  3.2

Action                     |  1- 3 |  4- 6 || total
---------------------------+-------+-------++-------
  Melee: Long sword        |   138 |    49 ||   187
    Use: Scroll            |     8 |       ||     8
         Potion            |       |     3 ||     3
 Armour: Scale mail        |    65 |    12 ||    77
  Dodge: Dodged            |    66 |     9 ||    75
  Block: Buckler           |    28 |     9 ||    37

Table legend: (Time is in decaauts)
 A = Elapsed time spent in this place.
 B = Non-inter-level travel time spent in this place.
 C = Inter-level travel time spent in this place.
 D = Time resting spent in this place.
 E = Time spent auto-exploring this place.
 F = Levels seen in this place.
 G = Mean time per level.
                   A        B        C        D        E       F      G
               +--------+--------+--------+--------+--------+-----+--------+
         Total |   3325 |   3206 |    119 |     46 |   2652 |   4 |  831.2 |
       Dungeon |   3325 |   3206 |    119 |     46 |   2652 |   4 |  831.2 |
               +--------+--------+--------+--------+--------+-----+--------+

Top non-repeatable levels by time:
     D:3: 1296 daAuts
     D:1: 1072 daAuts
     D:2: 882 daAuts
     D:4: 74 daAuts
